 Dungeon Sprint DCSS version 0.22.0-38-g04b72b8 (webtiles) character file.

768 iamserjio the Carver (level 7, -10/45 (49) HPs)
             Began as a Tengu Berserker on Aug 26, 2018.
             Was an Elder of Trog.
             Mangled by a neqoxec (13 damage)
             ... in the Dungeon (Sprint II: "The Violet Keep of Menkaure").
             The game lasted 00:01:35 (534 turns).

iamserjio the Carver (Tengu Berserker)               Turns: 534, Time: 00:01:35

HP:   -10/45 (49)   AC:  1    Str: 17      XL:     7   Next: 82%
MP:   8/8           EV: 17    Int:  7 (8)  God:    Trog [****..]
Gold: 486           SH:  0    Dex: 13      Spells: 6/6 levels left

rFire    . . .     SeeInvis .   a - +0 falchion
rCold    . . .     Gourm    .   (no shield)
rNeg     . . .     Faith    .   b - +0 animal skin
rPois    .         Spirit   .   (helmet restricted)
rElec    .         Reflect  .   (no cloak)
rCorr    .         Harm     .   (no gloves)
MR       .....     NoTele   +   (boots unavailable)
Stlth    +.........             (no amulet)
HPRegen  0.15/turn              (no ring)
MPRegen  0.11/turn              (no ring)

@: berserk cooldown, slowed, very slow
A: beak, talons 3, clumsy 1, deformed body, deterioration 1, able to fly 1
a: Fly, Berserk, Trog's Hand, Brothers in Arms, Renounce Religion


You were in the Dungeon.
You worshipped Trog.
Trog was greatly pleased with you.
You were very hungry.

You visited 1 branch You collected 486 gold pieces.

Inventory:

Hand Weapons
 a - a +0 falchion (weapon)
Armour
 b - a +0 animal skin (worn)
Scrolls
 i - a scroll of blinking
Potions
 d - a potion of curing {@q1}
 e - a potion of heal wounds
 f - a potion of haste
 g - 2 potions of magic
 h - a potion of berserk rage
Comestibles
 c - a ration


   Skills:
 + Level 8.1 Fighting
 * Level 11.7 Long Blades
 + Level 8.4 Armour
 + Level 8.5 Dodging


You had 6 spell levels left.
You didn't know any spells.
Your spell library was empty.

Dungeon Overview and Level Annotations

Branches:
Dungeon (1/1)

Altars:

Shops:
D [![}[=?[=%!

Annotations:
D Roxanne


Innate Abilities, Weirdness & Mutations

You have a beak for a mouth.
You have claws for feet.
You can fly.
You are clumsy. (Dex -2)
Armour fits poorly on your strangely shaped body.
Your body sometimes deteriorates upon taking damage.


Message History

The neqoxec hits you!
You hit the neqoxec.
The neqoxec is severely wounded.
The neqoxec hits you!
You hit the neqoxec.
The neqoxec is severely wounded.
The neqoxec barely misses you.
You riposte.
You hit the neqoxec but do no damage. You claw the neqoxec, but do no damage.
The neqoxec is severely wounded.
The neqoxec hits you!
* * * LOW HITPOINT WARNING * * *
You hit the neqoxec but do no damage. You claw the neqoxec.
The neqoxec is almost dead.
The neqoxec gestures at you.
You feel dopey. Something feeds on your intellect!
You barely miss the neqoxec. You claw the neqoxec.
The neqoxec is almost dead.
The neqoxec hits you!
You die...

######≈ .....#≈≈≈
##+## .∩....#≈≈
##.$.# ∩.∩...#≈≈
#3##§.#
.∩.∩..#≈≈####@##
..∩.⌠.#≈##.###'#
.∩.∩..#≈#...##.##
∩.∩...+≈'##.'.<.+
.∩....#≈#.####.##
▓▓▓▓###≈##.###'##
h######≈≈####.#.##
##≈≈≈#..#..#
#+#≈##.†.## ≈


You could see a neqoxec.

Vanquished Creatures
  3 neqoxecs (D)
  4 necrophages (D)
  3 worms (D)
10 creatures vanquished.

Vanquished Creatures (others)
  A crocodile (D)
1 creature vanquished.

Grand Total: 11 creatures vanquished

Notes
Turn   | Place    | Note
-------+----------+-------------------------------------------
     0 | D        | iamserjio the Tengu Berserker began the quest for the Orb.
     0 | D        | Reached XP level 1. HP: 14/14 MP: 2/2
     6 | D        | Reached skill level 4 in Long Blades
     6 | D        | Reached XP level 2. HP: 19/19 MP: 3/3
    40 | D        | Killed a crocodile
    99 | D        | Found Cymecal's Distillery.
    99 | D        | Found Viacw's Jewellery Shop.
    99 | D        | Found Japnukha's Antique Armour Boutique.
    99 | D        | Found Bech's Armour Boutique.
    99 | D        | Found Vegey's Food Boutique.
    99 | D        | Found Teul's Gadget Shop.
    99 | D        | Found Onyilu Nioni's Magic Scroll Shop.
    99 | D        | Found Afofoarr's Antique Armour Boutique.
   102 | D        | Reached ** piety under Trog
   104 | D        | Found Binovife's Jewellery Shop.
   104 | D        | Found Vustronti's Distillery.
   104 | D        | Found Disaf's Antique Armour Boutique.
   104 | D        | Noticed a black bear
   111 | D        | Noticed Roxanne
   112 | D        | Noticed a necrophage
   112 | D        | Noticed a necrophage
   116 | D        | Noticed a necrophage
   116 | D        | Noticed a necrophage
   121 | D        | Killed a necrophage
   121 | D        | Reached skill level 6 in Long Blades
   121 | D        | Reached XP level 3. HP: 23/23 MP: 4/4
   121 | D        | Reached XP level 4. HP: 28/28 MP: 5/5
   122 | D        | Killed a necrophage
   122 | D        | Reached skill level 5 in Fighting
   122 | D        | Reached skill level 8 in Long Blades
   122 | D        | Reached skill level 5 in Armour
   122 | D        | Reached skill level 5 in Dodging
   122 | D        | Gained mutation: You can fly. [Tengu growth]
   122 | D        | Reached XP level 5. HP: 26/33 MP: 6/6
   123 | D        | Killed a necrophage
   123 | D        | Reached *** piety under Trog
   123 | D        | Reached skill level 9 in Long Blades
   123 | D        | Reached XP level 6. HP: 30/39 MP: 7/7
   129 | D        | Killed a necrophage
   129 | D        | Reached skill level 10 in Long Blades
   503 | D        | Noticed a neqoxec
   508 | D        | Killed a neqoxec
   508 | D        | Reached XP level 7. HP: 44/44 MP: 8/8
   511 | D        | Noticed a neqoxec
   514 | D        | Noticed a neqoxec
   514 | D        | Killed a neqoxec
   514 | D        | Reached skill level 11 in Long Blades
   515 | D        | Noticed a neqoxec
   523 | D        | Gained mutation: Armour fits poorly on your strangely shaped body. [a neqoxec]
   524 | D        | Gained mutation: Your body sometimes deteriorates upon taking damage. [a neqoxec]
   526 | D        | Gained mutation: You are clumsy. (Dex -2) [a neqoxec]
   528 | D        | Killed a neqoxec
   528 | D        | Reached **** piety under Trog
   534 | D        | Mangled by a neqoxec

Skill      XL: |  1  2  3  4  5  6  7 |
---------------+----------------------+-----
Long Blades    | 4 6 8 9 10 11 | 11.7
Armour         | 4 5 6 7 8 |  8.4
Dodging        | 4 5 6 7 8 |  8.5
Fighting       | 4 5 6 7 8 |  8.1

Action                   |  1- 3 |  4- 6 |  7- 9 || total
-------------------------+-------+-------+-------++-------
Melee: Falchion          |    11 |    11 |    20 ||    42
       Kick              |     7 |     7 |     8 ||    22
       Peck              |     2 |     3 |     8 ||    13
Invok: Berserk           |     2 |     1 |       ||     3
Armor: Animal skin       |     2 |       |       ||     2
Dodge: Dodged            |     5 |     5 |     8 ||    18
       Rpst.: Falchion   |     2 |     2 |     1 ||     5
